 Dungeon Crawl Stone Soup version 0.30-a0-50-gb2d611f6b1 (webtiles) character file.

Game seed: 6585896917045979407

239 timneilson the Shield-Bearer (level 6, -5/38 HPs)
             Began as a Gargoyle Fighter on Sept 3, 2022.
             Slain by an iguana (9 damage)
             ... on level 5 of the Dungeon.
             The game lasted 00:04:21 (2992 turns).

timneilson the Shield-Bearer (Gargoyle Fighter)     Turns: 2992, Time: 00:04:22

Health: -5/38      AC: 14    Str: 25    XL:     6   Next: 7%
Magic:  6/6        EV: 12    Int:  8    God:
Gold:   216        SH:  4    Dex:  8    Spells: 5/5 levels left

rFire   . . .      SeeInvis .    a - +0 long sword
rCold   . . .      Faith    .    c - +0 buckler
rNeg    + . .      Spirit   .    f - +0 chain mail
rPois   ∞          Reflect  .    (no helmet)
rElec   +          Harm     .    (no cloak)
rCorr   .          Rampage  .    (no gloves)
Will    .....                    (no boots)
Stlth   ..........               (no amulet)
HPRegen 0.12/turn                l - +4 ring of evasion
MPRegen 0.10/turn                (no ring)

@: no status effects
A: sickness immunity, AC +4, negative energy resistance 1, electricity
resistance, torment resistance 1, petrification resistance, screaming 1, strong
1
a: no special abilities


You were on level 5 of the Dungeon.
You visited 1 branch of the dungeon, and saw 5 of its levels.

You collected 216 gold pieces.

Inventory:

Hand Weapons
 a - a +0 long sword (weapon)
Armour
 c - a +0 buckler (worn)
 f - a +0 chain mail (worn)
Jewellery
 j - a ring of fire
 l - a +4 ring of evasion (left hand)
Wands
 n - a wand of flame (17)
 o - a wand of mindburst (7)
Scrolls
 b - a scroll of identify
 e - 2 scrolls of fog
Potions
 d - a potion of might
 g - 2 potions of haste
 h - 2 potions of magic {unknown}
 i - a potion of berserk rage
 k - a potion of lignification {unknown}
 m - a potion of heal wounds


   Skills:
 + Level 3.9 Fighting
 * Level 3.2 Long Blades
 * Level 4.5 Armour
 + Level 1.4 Dodging
 * Level 4.5 Shields
 + Level 0.0 Evocations


You had 5 spell levels left.
You didn't know any spells.
Your spell library contained the following spells:

 Spells                   Type           Power      Damage    Failure   Level
 Sandblast                Erth           0%         2d4       98%         1
 Ensorcelled Hibernation  Hex/Ice        0%         N/A       99%         2
 Passwall                 Tmut/Erth      0%         N/A       99%         2
 Gell's Gravitas          Tloc           0%         N/A       100%        3
 Lesser Beckoning         Tloc           0%         N/A       100%        3
 Stone Arrow              Conj/Erth      0%         3d7       100%        3
 Swiftness                Air            0%         N/A       100%        3
 Teleport Other           Tloc           0%         N/A       100%        3


Dungeon Overview and Level Annotations

Branches:
Dungeon (4/15)
 Temple: D:4-7

Altars:


Innate Abilities, Weirdness & Mutations

You are immune to sickness and miasma.
Your stone body is resilient. (AC +4)
You are immune to poison.
You resist negative energy. (rN+)
You are resistant to electric shocks. (rElec)
You are resistant to unholy torment.
You are immune to petrification.
You occasionally shout uncontrollably at your foes.
Your muscles are strong. (Str +4, Int/Dex -1)


Message History

You block the iguana's attack.
The iguana hisses menacingly.
The iguana bites you.
* * * LOW HITPOINT WARNING * * *
You hit the iguana.
The iguana is moderately wounded.
You block the iguana's attack.
You closely miss the iguana.
The iguana is moderately wounded.
The iguana completely misses you.
You feel much better. The iguana bites you.
You barely miss the iguana.
The iguana is moderately wounded.
The iguana completely misses you. The iguana barely misses you.
You barely miss the iguana.
The iguana is moderately wounded.
The iguana barely misses you.
You hit the iguana but do no damage.
The iguana is moderately wounded.
The iguana bites you.
You hit the iguana.
The iguana is heavily wounded.
The iguana barely misses you.
The iguana bites you but does no damage.
You hit the iguana.
The iguana is almost dead.
The iguana bites you.
* * * LOW HITPOINT WARNING * * *
You barely miss the iguana.
The iguana is almost dead.
The iguana barely misses you.
You closely miss the iguana.
The iguana is almost dead.
The iguana bites you!
* * * LOW HITPOINT WARNING * * *
The iguana barely misses you.
You barely miss the iguana.
The iguana is almost dead.
The iguana bites you!
You die...

#..# ## #..###.
## #.....
..#.... .#...
... #l# #@# #.#
# #.# #.#.#
#.###.#.#######
...............
#.###.#.#######
...#.# .#
.#.###.#####
..#


You could see an iguana.

Vanquished Creatures
  A scorpion (D:3)
  A hound (D:4)
  An orc priest (D:4)
  Jessica (D:2)
  A gnoll (D:4)
  2 adders
  A shadow imp (D:4)
  A worm (D:4)
  3 orcs (D:3)
  4 endoplasms
  5 giant cockroaches
  8 goblins
  7 hobgoblins
  3 quokkas
  3 ball pythons
  2 bats (D:1)
  2 frilled lizards (D:3)
  3 kobolds (D:4)
  7 rats
56 creatures vanquished.

Notes
Turn   | Place    | Note
-------+----------+-------------------------------------------
     0 | D:1      | timneilson the Gargoyle Fighter began the quest for the
                  | Orb.
     0 | D:1      | Reached XP level 1. HP: 14/14 MP: 1/1
    48 | D:1      | Found a faded altar of an unknown god.
   238 | D:1      | Reached XP level 2. HP: 19/19 MP: 2/2
   535 | D:2      | Identified the +9 spear of Kennu {freeze, Int+5}
   904 | D:2      | Reached XP level 3. HP: 23/23 MP: 3/3
  1015 | D:2      | Noticed Jessica
  1032 | D:2      | Killed Jessica
  1034 | D:2      | HP: 1/23 [quokka (1)]
  1036 | D:2      | Gained mutation: You occasionally shout uncontrollably at
                  | your foes. [potion of mutation]
  1036 | D:2      | Gained mutation: Your muscles are strong. (Str +4, Int/Dex
                  | -1) [potion of mutation]
  1459 | D:2      | Reached XP level 4. HP: 28/28 MP: 4/4
  1701 | D:3      | Noticed a scorpion
  1732 | D:3      | Killed a scorpion
  1733 | D:3      | Reached skill level 1 in Dodging
  1733 | D:3      | Reached XP level 5. HP: 16/33 MP: 5/5
  2801 | D:4      | Reached XP level 6. HP: 32/38 MP: 6/6
  2945 | D:4      | You fall into a shaft and drop 1 floor!
  2945 | D:5      | Entered Level 5 of the Dungeon
  2992 | D:5      | Slain by an iguana

Illustrated notes

Levels and vault maps discovered:
D:1:      mrwooster_arrival_statue_2, layout_rooms,
          ebering_ecumenical_altar_petrified, nicolae_figureground_sparkle
D:2:      layout_loops_ring, kennysheep_jessica_study
D:3:      layout_basic, serial_aquarium, aquarium_bridge_square
          [aquarium_subvault_balcony, aquarium_subvault_wall,
          aquarium_subvault_window, aquarium_subvault_bridge],
          aquarium_window_2, aquarium_window_3, aquarium_window_1,
          aquarium_window_1, aquarium_view_2c, aquarium_view_2d,
          aquarium_pool_side
D:4:      minmay_angry_zag, layout_loops_cross
D:5:      layout_basic, mainiacjoe_overflow_small_starburst, temple_fountains,
          serial_curves, eino_curves_03, eino_curves_02, eino_curves_02

Skill      XL: |  1  2  3  4  5 |
---------------+----------------+-----
Long Blades    | 2 3 |  3.2
Shields        | 4 |  4.5
Armour         | 4 |  4.5
Dodging        | 1 |  1.4
Fighting       | |  3.9

Action                   |  1- 3 |  4- 6 || total
-------------------------+-------+-------++-------
Melee: Long sword        |    75 |   178 ||   253
  Use: Scroll            |     4 |     4 ||     8
       Potion            |     2 |     2 ||     4
Armor: Scale mail        |    19 |       ||    19
       Chain mail        |    34 |   104 ||   138
Dodge: Dodged            |    36 |   139 ||   175
Block: Buckler           |    19 |    50 ||    69

Table legend: (Time is in decaauts)
 A = Elapsed time spent in this place.
 B = Non-inter-level travel time spent in this place.
 C = Inter-level travel time spent in this place.
 D = Time resting spent in this place.
 E = Time spent auto-exploring this place.
 F = Levels seen in this place.
 G = Mean time per level.
                   A        B        C        D        E       F      G
               +--------+--------+--------+--------+--------+-----+--------+
         Total |   3069 |   3000 |     69 |      0 |   2350 |   5 |  613.8 |
       Dungeon |   3069 |   3000 |     69 |      0 |   2350 |   5 |  613.8 |
               +--------+--------+--------+--------+--------+-----+--------+

Top non-repeatable levels by time:
     D:2: 1017 daAuts
     D:3: 936 daAuts
     D:1: 544 daAuts
     D:4: 518 daAuts
     D:5: 52 daAuts
